 Dungeon Crawl Stone Soup version 0.15.0-25-gd84c1e8 (webtiles) character file.

46634 Ratboiler the Fencer (level 14, -16/127 HPs)
             Began as a Purple Draconian Abyssal Knight on Sept 9, 2014.
             Was a High Priest of Lugonu.
             Killed from afar by a fire giant (28 damage)
             ... with a fireball
             ... on Level 1 of the Depths.
             The game lasted 01:33:25 (26878 turns).

Ratboiler the Fencer (DrAK)                        Turns: 26878, Time: 01:33:26

HP -16/127       AC 23     Str 16      XL: 14   Next:  5%
MP  24/24        EV 25     Int 13      God: Lugonu [*****.]
Gold 264         SH  0     Dex 17      Spells:  3 memorised,  7 levels left

rFire  . . .     SeeInvis .     a - +2 great sword (protect)
rCold  . . .     Clarity  .     (armour unavailable)
rNeg   . . .     rCorr    .     (no shield)
rPois  .         rRot     .     (helmet restricted)
rElec  .         Spirit   .     B - +1 cloak
SustAb .         Warding  .     S - +2 pair of gloves
rMut   .         Stasis   .     J - +0 pair of boots
Gourm  .                        s - amulet "Etimoala" {+Rage MR++ Dex+3}
MR     ++++.                    q - +4 ring of protection
                                i - +5 ring of evasion

@: very slightly contaminated, repel missiles, incredibly resistant to hostile
enchantments, unstealthy
A: breathe power, unfitting armour, horns 1, spit poison 1, cold-blooded, AC +8
a: Spit Poison, Breathe Dispelling Energy, Depart the Abyss, Bend Space, Banish,
Corrupt, Enter the Abyss, Renounce Religion, Evoke Berserk Rage


You were on level 1 of the Depths.
You worshipped Lugonu.
Lugonu was extremely pleased with you.
You were not hungry.

You visited 2 branches of the dungeon, and saw 16 of its levels.
You visited the Abyss 1 time.
You also visited: Labyrinth and Ossuary.

You collected 1142 gold pieces.
You spent 878 gold pieces at shops.

Inventory:

Hand weapons
 a - a +2 great sword of protection (weapon)
 y - a +2 antimagic dagger
Missiles
 k - 39 poisoned needles
Armour
 B - a +1 cloak (worn)
 J - a +0 pair of boots (worn)
 S - a +2 pair of gloves (worn)
Magical devices
 w - a wand of flame (10)
 C - a wand of fire (5)
 G - a wand of fireball (0)
 U - a wand of fireball (3)
Comestibles
 d - 2 bread rations
 p - 3 fruits
 A - 8 royal jellies
 H - 2 meat rations
Scrolls
 b - a scroll of holy word
 h - 3 scrolls of amnesia
 n - a scroll of immolation
 x - 2 scrolls of enchant armour
 L - a scroll of silence
 N - 2 scrolls of fear
 Q - 3 scrolls of enchant weapon
 T - 2 scrolls of remove curse
 V - a scroll of torment {unknown}
 X - a scroll of magic mapping
 Y - 2 scrolls of random uselessness {unknown}
Jewellery
 i - a +5 ring of evasion (left hand)
 j - an uncursed ring of wizardry
 m - an uncursed amulet of resist mutation
 q - a +4 ring of protection (right hand)
 s - the amulet "Etimoala" (around neck) {+Rage MR++ Dex+3}
   (You bought it in a shop on level 6 of the Dungeon)

   [amulet of rage]

   It affects your dexterity (+3).
   It affects your resistance to hostile enchantments.
   It lets you go berserk.
 u - an uncursed ring of stealth
 z - an uncursed ring of stealth
 P - an uncursed ring of wizardry
Potions
 c - 6 potions of restore abilities
 r - 3 potions of resistance
 v - a potion of mutation
 D - 2 potions of cancellation
 M - a potion of degeneration {unknown}
 O - a potion of brilliance
 Z - 2 potions of poison {unknown}
Books
 t - a Young Poisoner's Handbook

   Spells                             Type                      Level
   Sting                              Conjuration/Poison           1
   *Cure Poison                       Poison                       2
   Mephitic Cloud                     Conjuration/Poison/Air       3
   Olgreb's Toxic Radiance            Poison                       4
   Venom Bolt                         Conjuration/Poison           5
 F - a book of Power

   Spells                             Type                      Level
   Fulminant Prism                    Conjuration/Hexes            4
   Iskenderun's Mystic Blast          Conjuration                  4
   Venom Bolt                         Conjuration/Poison           5
   Bolt of Magma                      Conjuration/Fire/Earth       5
   Iron Shot                          Conjuration/Earth            6
   Orb of Destruction                 Conjuration                  7
 I - a book of Air

   Spells                             Type                      Level
   Shock                              Conjuration/Air              1
   *Swiftness                         Charms/Air                   2
   *Repel Missiles                    Charms/Air                   2
   Flight                             Charms/Air                   3
   Static Discharge                   Conjuration/Air              3
   Lightning Bolt                     Conjuration/Air              5
 R - a book of Envenomations

   Spells                             Type                      Level
   Spider Form                        Transmutation/Poison         3
   Alistair's Intoxication            Transmutation/Poison         4
   Olgreb's Toxic Radiance            Poison                       4
   Poisonous Cloud                    Conjuration/Poison/Air       6
 W - a book of Envenomations

   Spells                             Type                      Level
   Spider Form                        Transmutation/Poison         3
   Alistair's Intoxication            Transmutation/Poison         4
   Olgreb's Toxic Radiance            Poison                       4
   Poisonous Cloud                    Conjuration/Poison/Air       6
Magical staves
 l - an uncursed staff of power


   Skills:
 + Level 12.8 Fighting
 * Level 16.6 Long Blades
 + Level 10.7 Dodging
 - Level 3.3 Charms
 - Level 3.0 Air Magic
 - Level 6.0 Invocations


You had 7 spell levels left.
You knew the following spells:

 Your Spells              Type           Power        Failure   Level  Hunger
a - Repel Missiles        Chrm/Air       #.....       14%         2    ###....
b - Swiftness             Chrm/Air       #.......     14%         2    ###....
c - Cure Poison           Pois           #.........   47%         2    ###....


Dungeon Overview and Level Annotations

Branches:
Dungeon (15/15)            Temple (0/1) D:7             Orc (0/4) D:11
   Lair (0/8) D:10         Vaults (0/5) D:13         Depths (1/5) D:15

Altars:
Ashenzari
Elyvilon
Fedhas
Qazlal
Sif Muna
Trog
Xom

Shops:
D:4 (   D:6 =   D:14 [   D:15 %

Portals:
Ziggurat: Depths:1

Annotations:
D:7 exclusion: downstairs
D:10 exclusion: downstairs
D:11 Fannar
D:13 exclusion: downstairs
Abyss:1 Dowan, Duvessa, Maurice


Innate Abilities, Weirdness & Mutations

You can breathe bolts of energy.
You can dispel enchantments when you breathe energy.
Your rich purple scales are hard (AC +8).
Your body does not fit into most forms of armour.
Your cold-blooded metabolism reacts poorly to cold.
You have a pair of small horns on your head.
You can spit poison.


Message History

Found a wand of fireball.
A catoblepas comes into view.
You see here a wand of fireball.
You feel yourself slow down.
Drink which item? (? for menu, Esc to quit)
Okay, then.
Some rock shatters into small pieces.
Found 22 sling bullets.
You start to feel less resistant.
Your hearing returns.
Your resistance to elements expires.
You hear a grinding noise.
An emperor scorpion comes into view.
The cyan very ugly thing pecks you.
* * * LOW HITPOINT WARNING * * *
The cyan very ugly thing shocks you!!
* * * LOW HITPOINT WARNING * * *
The fire giant casts a spell at you.
The fireball explodes!
The fireball engulfs you!
You die...

.,,*,,,,,,,,,*,,*,,,,*.,,,,*
#.,*,,,,*,,,,,,*,,,,,*s...,*
...*,,,*,,,,,,*,,,,,,*....,*
...#,,,,,**,,*,,,,,,,*...,,*
...#,*,,,**,,,**,,,,,*..##**
...#,,,,,*,,,,,,,,,*,*...###
...#,,,,,,,,,,,,,,,,,*.....#
...##***##############....#*
.D..#.,,#.......@.u...#**,*
....e#,*#.............# *,*
#.....,*..##....C.....##***
#....,,,......#........##
....,,,.*##...#.........#
....*,..#*#.....##..##..#
....,....##.....###.#,.##
.##,,.....#.#.#.###...##
##..,......#..........##*


You could see a cyan very ugly thing and a fire giant.

Vanquished Creatures
  Kirke (D:14)
  Maud (D:15)
  2 ogre magi (Depths:1)
  2 stone giants (Depths:1)
  A very ugly thing (Depths:1)
  A great orb of eyes (Depths:1)
  A rakshasa (Depths:1)
  2 ice dragons
  2 centaur warriors
  A deep troll shaman (Depths:1)
  4 tengu warriors
  2 deep troll earth magi (Depths:1)
  A catoblepas (Depths:1)
  An unseen horror (D:11)
  2 deep trolls (Depths:1)
  3 hill giants
  A sphinx zombie (D:15)
  An ugly thing (Depths:1)
  2 manticores
  A griffon (D:15)
  2 cyclopes
  A centaur zombie (D:12)
  A yaktaur (D:13)
  A gargoyle (D:12)
  A komodo dragon (D:15)
  A tengu conjurer (D:13)
  A queen bee (D:10)
  A hydra zombie (D:14)
  The ghost of Iskender the Cudgeler, an average FoFi (D:7)
  3 trolls
  5 two-headed ogres
  3 slime creatures
  A boulder beetle (shapeshifter) (D:15)
  9 ravens
  A snapping turtle (shapeshifter) (Depths:1)
  A hungry ghost (D:11)
  2 water elementals (D:14)
  A shadow (D:12)
  2 deep elf magi
  A wyvern (D:12)
  A deep elf fighter (D:10)
  A human (D:7)
  5 hogs
  4 vampire mosquitoes (D:13)
  5 hippogriffs
  12 yaks
  A mottled dragon (D:9)
  4 water moccasins
  5 ice beasts
  6 wargs
  A black bear (D:10)
  4 sky beasts
  2 orc warriors
  14 centaurs
  3 phantoms
  A komodo dragon zombie (D:14)
  A yellow wasp (D:10)
  5 crocodiles
  9 ogres
  8 giant frogs
  A big kobold (D:12)
  An eye of draining (D:9)
  2 water moccasin zombies (Ossuary)
  A yak zombie (D:11)
  8 jellies
  3 scorpions
  50 killer bees
  An electric eel (D:14)
  2 crimson imps
  A goliath beetle (shapeshifter) (Depths:1)
  8 hounds
  2 giant frog zombies
  2 gnoll shamans
  2 quasits
  3 centaur skeletons
  9 orc priests
  4 iguanas
  Natasha (thrice) (D:5)
  7 orc wizards
  13 worker ants
  4 sheep (D:7)
  6 big kobold zombies
  Jessica (D:2)
  2 mummies (Ossuary)
  14 gnolls
  10 adders
  4 green rats (D:10)
  2 shadow imps
  A steam dragon skeleton (D:3)
  An inept feature mimic (D:8)
  5 worms
  2 adder skeletons (D:4)
  4 adder zombies (Ossuary)
  An iguana zombie (D:5)
  37 orcs
  A ball python (D:3)
  2 bat zombies
  10 giant cockroaches
  17 hobgoblins
  22 jackals
  21 kobolds
  3 oozes
  3 quokkas
  23 bats
  2 giant geckos
  4 giant newts
  2 giant spores
  2 gnoll zombies (Ossuary)
  12 goblins
  3 hobgoblin zombies
  3 kobold zombies (Ossuary)
  4 orc skeletons
  7 orc zombies
  A quokka zombie (D:8)
  20 rats
  A rat skeleton (D:5)
  43 ballistomycetes
586 creatures vanquished.

Vanquished Creatures (others)
  A quicksilver dragon (Depths:1)
  A very ugly thing (Depths:1)
  A minotaur (Lab)
  8 vault guards (D:13)
  A hydra (D:14)
  An ogre mage (D:15)
  2 thrashing horrors (Depths:1)
  4 death yaks (Depths:1)
  A spatial maelstrom (D:14)
  3 skeletal warriors (D:14)
  An unseen horror (D:14)
  A wizard (D:9)
  4 large abominations
  A deep troll (Depths:1)
  3 hill giants
  3 ugly things (Depths:1)
  2 slime creatures
  A sixfirhy (D:14)
  An orange demon (Depths:1)
  A smoke demon (D:14)
  4 gargoyles
  2 trolls
  A griffon skeleton (D:14)
  A ynoxinul (D:13)
  A wraith (D:13)
  2 neqoxecs (Depths:1)
  A spriggan (shapeshifter) (D:13)
  3 vampire mosquitoes (D:13)
  A hippogriff (D:11)
  A golden eye (D:14)
  A wandering mushroom (D:13)
  2 ice beasts
  A phantom (D:13)
  2 small abominations
  A centaur (D:6)
  2 ogres
  A manticore skeleton (D:14)
  A brain worm (Depths:1)
  A wight (Depths:1)
  A crimson imp (D:14)
  A goliath beetle (D:6)
  15 starcursed masses
  A jelly (Depths:1)
  An orc priest (D:10)
  2 orc wizards
  A quasit (Depths:1)
  2 iron imps
  2 white imps
  4 ufetubi
  2 orcs (D:13)
  7 giant spores
  7 starspawn tentacles (D:14)
  34 starspawn tentacle segments (D:14)
150 creatures vanquished.

Grand Total: 736 creatures vanquished

Notes
Turn   | Place    | Note
--------------------------------------------------------------
     0 | Abyss:1  | Ratboiler, the Draconian Abyssal Knight, began the quest for the Orb.
     0 | Abyss:1  | Reached XP level 1. HP: 19/19 MP: 1/1
    18 | D:1      | Escaped the Abyss
   284 | D:1      | Reached XP level 2. HP: 21/26 MP: 2/2
   549 | D:1      | Acquired Lugonu's second power
  1292 | D:2      | Reached XP level 3. HP: 12/33 MP: 4/4
  1828 | D:2      | Noticed Jessica
  1847 | D:2      | Killed Jessica
  1847 | D:2      | Reached skill level 4 in Fighting
  1847 | D:2      | Reached XP level 4. HP: 30/40 MP: 5/5
  2389 | D:3      | Found a shimmering altar of Xom.
  2444 | D:3      | Acquired Lugonu's third power
  2750 | D:2      | Reached XP level 5. HP: 44/47 MP: 7/7
  3046 | D:3      | Acquired Lugonu's fourth power
  3428 | D:4      | Reached XP level 6. HP: 39/53 MP: 10/10
  3605 | D:4      | Found Uzouhuzowi's Antique Weapon Shop.
  4056 | D:4      | Reached skill level 5 in Long Blades
  4265 | D:4      | Found a deep blue altar of Sif Muna.
  4335 | D:4      | Found a stormy altar of Qazlal.
  4354 | D:4      | Found a blossoming altar of Fedhas.
  4825 | D:5      | Entered Level 5 of the Dungeon
  4881 | D:5      | Found a bloodstained altar of Trog.
  5115 | D:5      | Acquired Lugonu's fifth power
  5136 | D:5      | Reached skill level 6 in Long Blades
  5136 | D:5      | Your scales start taking on a rich purple colour.
  5136 | D:5      | Reached XP level 7. HP: 33/60 MP: 13/13
  5316 | D:5      | Noticed Natasha
  5326 | D:5      | Killed Natasha
  5638 | D:5      | Noticed Natasha
  5646 | D:5      | Killed Natasha
  5719 | D:5      | Reached skill level 5 in Invocations
  5868 | D:5      | Noticed Natasha
  5872 | D:5      | Killed Natasha
  6177 | D:6      | Reached skill level 7 in Long Blades
  6287 | D:6      | Noticed Duvessa
  6315 | D:6      | Noticed Dowan
  6317 | D:6      | Banished Duvessa
  6318 | D:6      | Banished Dowan
  6318 | D:6      | Reached XP level 8. HP: 55/67 MP: 11/16
  6515 | D:6      | Learned a level 2 spell: Repel Missiles
  6937 | D:6      | Reached skill level 1 in Charms
  6937 | D:6      | Reached skill level 1 in Air Magic
  6949 | D:6      | Found Frifepogh's Jewellery Emporium.
  7183 | D:7      | Reached skill level 8 in Long Blades
  7466 | D:7      | Found a sand-covered staircase.
  7490 | Ossuary  | Entered an ossuary
  7547 | Ossuary  | Reached skill level 5 in Fighting
  8174 | D:7      | Reached XP level 9. HP: 31/74 MP: 18/18
  8365 | D:7      | Found a staircase to the Ecumenical Temple.
  8446 | D:7      | Found a stormy altar of Qazlal.
  8646 | D:7      | Reached skill level 9 in Long Blades
  9251 | D:7      | Noticed Iskender's ghost (average FoFi)
  9268 | D:7      | Killed Iskender's ghost
  9591 | D:8      | Found a staircase to the Lair.
  9879 | D:7      | Reached skill level 10 in Long Blades
 10662 | D:8      | the staircase to the Lair was a mimic.
 11175 | D:8      | Reached XP level 10. HP: 84/86 MP: 20/20
 11219 | D:9      | Reached skill level 5 in Dodging
 11479 | D:9      | Noticed a wizard
 11480 | D:9      | Banished a wizard
 12225 | D:9      | Reached skill level 11 in Long Blades
 12661 | D:9      | Found a shattered altar of Ashenzari.
 12661 | D:9      | Found a white marble altar of Elyvilon.
 12892 | D:10     | Entered Level 10 of the Dungeon
 13301 | D:10     | Found a staircase to the Lair.
 13943 | D:10     | Gained mutation: You have a pair of small horns on your head. [potion of beneficial mutation]
 14035 | D:10     | Noticed a hill giant
 14037 | D:10     | Banished a hill giant
 14037 | D:10     | Reached skill level 12 in Long Blades
 14037 | D:10     | Reached XP level 11. HP: 95/95 MP: 21/21
 15216 | D:11     | Noticed Fannar
 15353 | D:11     | Upgraded the game from 0.15.0-23-gc2b521c to 0.15.0-25-gd84c1e8
 15658 | D:11     | Learned a level 2 spell: Swiftness
 16195 | D:11     | Killed an unseen horror
 16684 | D:11     | Found a staircase to the Orcish Mines.
 16940 | D:11     | Identified a scroll of acquirement
 17242 | D:11     | Reached skill level 13 in Long Blades
 17733 | D:12     | Learned a level 2 spell: Cure Poison
 17987 | D:12     | Noticed a hill giant
 17988 | D:12     | Banished a hill giant
 18082 | D:12     | Reached skill level 10 in Fighting
 18171 | D:12     | Noticed Maurice
 18573 | D:12     | Reached XP level 12. HP: 106/106 MP: 22/22
 18605 | D:13     | Noticed a centaur warrior
 18614 | D:13     | Killed a centaur warrior
 19061 | D:13     | Reached skill level 14 in Long Blades
 19408 | D:13     | Gained mutation: You can spit poison. [potion of beneficial mutation]
 19449 | D:13     | Noticed a vault guard
 19452 | D:13     | Found a gate to the Vaults.
 19452 | D:13     | Noticed a vault guard
 19453 | D:13     | Noticed a vault guard
 19453 | D:13     | Noticed a vault guard
 19453 | D:13     | Noticed a vault guard
 19453 | D:13     | Corrupted D:13
 19453 | D:13     | Noticed a blizzard demon
 19453 | D:13     | Noticed a rakshasa
 19453 | D:13     | Noticed an Executioner
 19454 | D:13     | Noticed a vault guard
 19456 | D:13     | Noticed an Executioner
 19462 | D:13     | Killed a vault guard
 19464 | D:13     | Killed a vault guard
 19465 | D:13     | Killed a vault guard
 19467 | D:13     | Killed a vault guard
 19467 | D:13     | Killed a vault guard
 19467 | D:13     | Killed a vault guard
 19469 | D:13     | Noticed a bone dragon
 19470 | D:13     | Killed a vault guard
 19474 | D:13     | Killed a vault guard
 19942 | D:14     | Noticed an eight-headed hydra
 19948 | D:14     | Found a labyrinth entrance.
 19951 | D:14     | Corrupted D:14
 19951 | D:14     | Noticed a deep elf sorcerer
 19951 | D:14     | Noticed a tentacled starspawn
 19953 | Lab      | Entered a labyrinth
 20278 | Lab      | Noticed a minotaur
 20278 | Lab      | Banished a minotaur
 20326 | D:14     | Noticed a starcursed mass
 20334 | D:14     | Noticed a tentacled starspawn
 20342 | D:14     | Killed a starcursed mass
 20349 | D:14     | Found Pimech's Armour Emporium.
 20352 | D:14     | Bought a +0 pair of gloves for 76 gold pieces
 20397 | D:14     | Killed a starcursed mass
 20398 | D:14     | Killed a starcursed mass
 20405 | D:14     | Killed a starcursed mass
 20409 | D:14     | Killed an eight-headed hydra
 20580 | D:14     | Noticed a rakshasa
 21613 | D:15     | Entered Level 15 of the Dungeon
 21838 | D:15     | Reached skill level 15 in Long Blades
 21842 | D:15     | Noticed Kirke
 21852 | D:15     | Noticed a sphinx
 22228 | D:14     | Reached XP level 13. HP: 114/116 MP: 23/23
 22311 | D:14     | Killed Kirke
 22402 | D:15     | Found Umimamio's Food Shop.
 22419 | D:15     | Noticed a centaur warrior
 22430 | D:15     | Killed a centaur warrior
 22821 | D:15     | Noticed an ogre mage
 22837 | D:15     | Killed an ogre mage
 22933 | D:15     | Noticed Maud
 22983 | D:15     | Killed Maud
 23370 | D:15     | Noticed an ice dragon
 23401 | D:15     | Killed an ice dragon
 23406 | D:15     | Noticed an ice dragon
 23631 | D:15     | Found a staircase to the Depths.
 23689 | D:15     | Reached skill level 10 in Dodging
 23784 | D:15     | Identified a +3 rod of striking (12/12) (You found it in a labyrinth)
 24239 | D:6      | Bought the amulet "Etimoala" {+Rage MR++ Dex+3} for 802 gold pieces
 24451 | D:12     | Banished Maurice
 24966 | Depths:1 | Entered Level 1 of the Depths
 24975 | Depths:1 | Noticed a stone giant
 24975 | Depths:1 | Noticed a stone giant
 25013 | Depths:1 | Killed a stone giant
 25024 | Depths:1 | Killed a stone giant
 25399 | Depths:1 | Noticed a cyan very ugly thing
 25429 | Depths:1 | Reached skill level 16 in Long Blades
 25442 | Depths:1 | Killed a white very ugly thing
 26421 | Depths:1 | Reached XP level 14. HP: 19/127 MP: 24/24
 26742 | Depths:1 | Noticed a dire elephant
 26753 | Depths:1 | Noticed a stone giant
 26755 | Depths:1 | Noticed a white very ugly thing
 26755 | Depths:1 | Corrupted Depths:1
 26757 | Depths:1 | Noticed a quicksilver dragon
 26768 | Depths:1 | Killed a white very ugly thing
 26775 | Depths:1 | Noticed a fire giant
 26775 | Depths:1 | Killed a quicksilver dragon
 26786 | Depths:1 | Noticed an emperor scorpion
 26788 | Depths:1 | Noticed a cyan very ugly thing
 26790 | Depths:1 | Found a gateway to a ziggurat.
 26798 | Depths:1 | Noticed a cyan very ugly thing
 26800 | Depths:1 | Noticed a cyan very ugly thing
 26801 | Depths:1 | Noticed a cyan very ugly thing
 26804 | Depths:1 | Noticed a cyan very ugly thing
 26804 | Depths:1 | Noticed a white very ugly thing
 26873 | Depths:1 | Noticed an emperor scorpion
 26878 | Depths:1 | Killed from afar by a fire giant

Action                   |  1- 3 |  4- 6 |  7- 9 | 10-12 | 13-15 || total
-------------------------+-------+-------+-------+-------+-------++-------
Melee: Falchion          |   130 |   374 |   299 |   769 |       ||  1572
       Scimitar          |       |       |   524 |   133 |       ||   657
       Great sword       |       |       |       |   541 |   342 ||   883
 Fire: Blowgun           |       |     7 |     3 |     3 |       ||    13
 Cast: Repel Missiles    |       |       |     1 |     5 |     4 ||    10
       Swiftness         |       |       |       |       |     1 ||     1
Invok: Banish            |       |       |     7 |    22 |     6 ||    35
       Corrupt           |       |       |       |     2 |     1 ||     3
       Bend Space        |       |       |       |     1 |       ||     1
 Abil: Breathe Dispellin |       |       |     4 |     6 |       ||    10
       Evoke Berserk Rag |       |       |       |       |     4 ||     4
Evoke: Wand              |       |     4 |     4 |     2 |       ||    10
  Use: Scroll            |     2 |     1 |     7 |    15 |     9 ||    34
       Potion            |       |       |     7 |    11 |     6 ||    24
 Stab: Sleeping          |       |     1 |     1 |       |       ||     2
       Distracted        |       |       |       |     1 |       ||     1
  Eat: Bread ration      |     1 |       |       |     3 |     4 ||     8
       Chunk             |       |     9 |     8 |     9 |       ||    26
       Meat ration       |       |       |     2 |     2 |     1 ||     5
       Beef jerky        |       |       |     1 |     4 |       ||     5
       Pizza             |       |       |     2 |     5 |       ||     7
       Royal jelly       |       |       |     1 |     2 |       ||     3
